Rangers vs Panthers

Created - April 6, 2017 at 17:30

Goals
1 2 3 T
Rangers 3 0 3 6
Panthers 0 3 0 3
Shots
1 2 3 T
Rangers 8 8 11 27
Panthers 17 10 13 40

1st period

1. Rangers , Brandon Pirri 6 (Landon Ferraro, David Jones) at 4:28
2. Rangers , Craig Smith 9 (Nick Schultz, Conor Sheary) at 10:08
3. Rangers , Ondrej Palat 29 (Matt Niskanen) at 13:10

Penalties :
Pavel Datsyuk (FLA) for Hooking (Minor) at 0:32, Matt Niskanen (NYR) for Hooking (Minor) at 0:32, Artem Anisimov (FLA) for Holding (Minor) at 1:57, Cedric Paquette (NYR) for Elbowing (Minor) at 14:52, Danny DeKeyser (FLA) for Cross-checking (Minor) at 17:34

2nd period

4. Panthers , Vladimir Tarasenko 33 (Joe Thornton, T.J. Brodie) at 11:34
5. Panthers , Matt Duchene 33 (Joe Thornton, Vladimir Tarasenko) at 12:10
6. Panthers , Patrick Kane 46 (Trevor van Riemsdyk) at 17:17

Penalties :
Justin Braun (FLA) for Holding (Minor) at 10:09, Phillip Danault (NYR) for Slashing (Minor) at 10:09

3rd period

7. Rangers , Cedric Paquette 7 (Ondrej Palat, Matt Niskanen) at 6:27
8. Rangers , Matt Niskanen 16 (Phillip Danault, Oliver Ekman-Larsson) at 8:21 (PP)
9. Rangers , Craig Smith 10 (Oliver Ekman-Larsson, Phillip Danault) at 12:36

Penalties :
Justin Falk (NYR) for Holding Stick (Minor) at 0:31, Matt Duchene (FLA) for Interference (Minor) at 8:09, Cedric Paquette (NYR) for Hooking (Minor) at 15:47

Goalie Stats

Brian Elliott (NYR), 37 saves from 40 shots - (0.925), W, 11-26-1, 60:00 minutes
Philipp Grubauer (FLA), 18 saves from 23 shots - (0.783), L, 6-3-3, 48:21 minutes
Marc-Andre Fleury (FLA), 3 saves from 4 shots - (0.750), 11:39 minutes

Players Stats for Rangers

Player Name              G  A  P  +/- PIM S  H  SB GA TA FO     MP     PP MP  PK MP  
------------------------------------------------------------------------------------
Alex Goligoski           0  0  0   1  0   0  4  3  0  0  0/0    22:53   1:37   3:00 
Benoit Pouliot           0  0  0   0  0   2  1  0  0  0  1/1    17:34   1:44   2:46 
Brandon Pirri            1  0  1   1  0   2  2  0  0  0  3/12    9:21   0:00   0:22 
Cedric Paquette          1  0  1   2  4   1  3  0  0  0  15/26  16:55   1:40   0:00 
Conor Sheary             0  1  1   0  0   1  0  0  0  0  0/0    15:26   0:12   0:03 
Craig Smith              2  0  2   0  0   4  3  1  0  0  2/2    16:52   1:56   0:00 
Dale Weise               0  0  0   0  0   0  2  0  0  0  0/0     7:49   0:00   0:00 
David Jones              0  1  1   1  0   1  0  0  0  0  0/1     8:44   0:00   0:00 
Justin Falk              0  0  0   1  2   1  1  1  0  0  0/0    13:02   0:00   0:00 
Landon Ferraro           0  1  1   1  0   0  1  1  0  0  0/0     8:44   0:00   0:00 
Mark Letestu             0  0  0   1  0   1  0  1  0  0  5/5    15:54   1:40   1:32 
Matt Niskanen            1  2  3   2  2   4  4  1  0  0  0/0    22:40   1:59   2:57 
Michael Del Zotto        0  0  0  -1  0   1  3  0  0  0  0/0    23:55   1:37   2:57 
Nick Bonino              0  0  0   0  0   0  0  0  0  0  7/13    9:42   0:00   2:10 
Nick Schultz             0  1  1   1  0   1  1  0  0  0  0/0    11:50   0:00   0:00 
Oliver Ekman-Larsson     0  2  2   0  0   4  2  1  0  0  0/0    25:38   1:59   3:00 
Ondrej Palat             1  1  2   1  0   4  1  0  0  0  1/2    21:30   1:40   1:50 
Phillip Danault          0  2  2   0  2   0  4  0  0  0  16/32  21:31   1:56   3:11 

Players Stats for Panthers

Player Name              G  A  P  +/- PIM S  H  SB GA TA FO     MP     PP MP  PK MP  
------------------------------------------------------------------------------------
Alex Tanguay             0  0  0  -2  0   3  4  0  0  0  1/1    10:46   0:00   0:00 
Artem Anisimov           0  0  0  -2  2   1  0  0  0  0  9/20   12:11   0:00   0:36 
Danny DeKeyser           0  0  0  -3  2   0  4  1  0  0  0/0    13:26   0:00   0:00 
Jacob Trouba             0  0  0   1  0   0  5  1  0  0  0/0    25:35   2:52   2:08 
Jesper Fast              0  0  0   0  0   1  1  1  0  0  0/1     5:02   0:00   2:14 
Joe Thornton             0  2  2  -1  0   3  2  0  0  0  15/28  21:35   2:40   0:08 
Justin Braun             0  0  0   0  2   1  1  1  0  0  0/0    20:57   3:05   2:02 
Matt Duchene             1  0  1   1  2   4  2  0  0  0  10/27  19:58   3:17   0:00 
Mikkel Boedker           0  0  0  -2  0   1  0  0  0  0  0/1    10:46   0:00   0:00 
Nikolaj Ehlers           0  0  0   1  0   1  2  1  0  0  0/0    19:59   3:17   0:00 
Patrick Kane             1  0  1   1  0   9  2  2  0  0  2/3    22:11   3:17   1:22 
Pavel Datsyuk            0  0  0  -2  2   6  1  0  0  0  1/2    18:52   2:40   0:00 
Pierre-Edouard Bellemare 0  0  0   0  0   0  0  0  0  0  5/10    5:28   0:00   2:40 
Reid Boucher             0  0  0   0  0   1  0  0  0  0  0/0     3:34   0:00   0:46 
T.J. Brodie              0  1  1   1  0   1  0  1  0  0  0/0    25:35   2:52   2:08 
Trevor van Riemsdyk      0  1  1  -3  0   0  1  0  0  0  0/0    12:24   0:00   0:00 
Tyler Myers              0  0  0   0  0   1  3  1  0  0  0/0    22:01   3:05   2:02 
Vladimir Tarasenko       1  1  2  -1  0   7  0  0  0  0  1/1    21:27   2:40   0:00 

3 Stars

1 - Matt Niskanen (NYR)
2 - Craig Smith (NYR)
3 - Ondrej Palat (NYR)

Power Play

Rangers - 1 on 3 Attempt(s) - 33.33%
Panthers - 0 on 3 Attempt(s) - 0.00%

Penalty Kill

Rangers - 3 on 3 Attempt(s) - 100.00% - Score 0 goal in Penalty Kill
Panthers - 2 on 3 Attempt(s) - 66.67% - Score 0 goal in Penalty Kill

Team Stat

Rangers - Hits : 32 - Faceoff Wins : 50 - Blocked Shots : 9 - Penalty Minutes : 10
Panthers - Hits : 28 - Faceoff Wins : 44 - Blocked Shots : 9 - Penalty Minutes : 10

Official

Referees : Ghislain Hebert and Justin StPierre
Linesman : Steve Barton and Steve Miller

Game Notes

Mark Letestu is injured at 0:58 of 3rd period (Bruised Right Leg)
Marc-Andre Fleury enters game at 8:21 of 3rd period

Finance

Level 1 -- Attendance: 5649 (94.15%) -- Ticket Income $604,443
Level 2 -- Attendance: 4612 (92.24%) -- Ticket Income $345,900
Level 3 -- Attendance: 3463 (98.94%) -- Ticket Income $169,687
Level 4 -- Attendance: 2722 (72.59%) -- Ticket Income $59,884
Luxury Box -- Attendance: 868 (86.80%) -- Ticket Income $175,336
Game was played at the BBT Center.
Total Attendance: 17314 (89.94%)
Total Ticket Income: $1,355,250
Other Income: $203,288
Total Income: $1,558,538

% Time on Ice - Rangers

Lines # - Real PCT - Wanted PCT - Time Play
Normal Forward
1 - 32% - 34% - 14:56
2 - 33% - 34% - 15:17
3 - 16% - 20% - 7:32
4 - 19% - 12% - 8:44
Normal Defense
1 - 38% - 43% - 17:42
2 - 36% - 33% - 16:57
3 - 25% - 24% - 11:50
4 - 0% - 0% - 0:00
PP Forward
1 - 54% - 50% - 1:56
2 - 46% - 50% - 1:40
PP Defense
1 - 45% - 50% - 1:37
2 - 55% - 50% - 1:59
PK Forward
1 - 64% - 55% - 3:47
2 - 36% - 45% - 2:10
PK Defense
1 - 50% - 60% - 3:00
2 - 50% - 40% - 2:57
PK3 Forward
1 - 0% - 60%
2 - 0% - 40%
PK3 Defense
1 - 0% - 60%
2 - 0% - 40%
44 Forward
1 - 39% - 50% - 1:33
2 - 61% - 50% - 2:25
44 Defense
1 - 42% - 55% - 1:39
2 - 58% - 45% - 2:19
Last Minute Offensive  - 0:00
Last Minute Defensive  - 0:00
Total
Forward - 60:00
Defense - 60:00

% Time on Ice - Panthers

Lines # - Real PCT - Wanted PCT - Time Play
Normal Forward
1 - 36% - 38% - 16:42
2 - 35% - 35% - 16:13
3 - 23% - 22% - 10:46
4 - 6% - 5% - 2:48
Normal Defense
1 - 40% - 40% - 18:49
2 - 33% - 35% - 15:16
3 - 27% - 25% - 12:24
4 - 0% - 0% - 0:00
PP Forward
1 - 55% - 50% - 3:17
2 - 45% - 50% - 2:40
PP Defense
1 - 48% - 60% - 2:52
2 - 52% - 40% - 3:05
PK Forward
1 - 62% - 60% - 2:14
2 - 38% - 40% - 1:22
PK Defense
1 - 44% - 60% - 1:34
2 - 56% - 40% - 2:02
PK3 Forward
1 - 100% - 60% - 0:34
2 - 0% - 40% - 0:00
PK3 Defense
1 - 100% - 60% - 0:34
2 - 0% - 40% - 0:00
44 Forward
1 - 75% - 60% - 2:34
2 - 25% - 40% - 0:50
44 Defense
1 - 52% - 60% - 1:46
2 - 48% - 40% - 1:38
Last Minute Offensive  - 0:00
Last Minute Defensive  - 0:00
Total
Forward - 60:00
Defense - 60:00

Play by Play

1st period


0:01 of 1st period - Phillip Danault wins face-off versus Matt Duchene in neutral zone.
0:08 of 1st period - Shot by Craig Smith.
0:08 of 1st period - Stopped by Philipp Grubauer without a rebound.
0:09 of 1st period - Cedric Paquette wins face-off versus Joe Thornton in Panthers zone.
0:11 of 1st period - Ondrej Palat is hit by Tyler Myers.
0:32 of 1st period - Minor Penalty to Pavel Datsyuk for Hooking.
0:32 of 1st period - Minor Penalty to Matt Niskanen for Hooking.
0:33 of 1st period - Joe Thornton wins face-off versus Phillip Danault in Rangers zone.
0:34 of 1st period - Shot by Vladimir Tarasenko.
0:34 of 1st period - Stopped by Brian Elliott without a rebound.
0:35 of 1st period - Mark Letestu wins face-off versus Joe Thornton in Rangers zone.
1:05 of 1st period - Vladimir Tarasenko is hit by Oliver Ekman-Larsson and loses puck.
1:32 of 1st period - Icing by Justin Braun.
1:33 of 1st period - Phillip Danault wins face-off versus Artem Anisimov in Panthers zone.
1:57 of 1st period - Minor Penalty to Artem Anisimov for Holding.
1:58 of 1st period - Phillip Danault wins face-off versus Pierre-Edouard Bellemare in Panthers zone.
4:23 of 1st period - David Jones is hit by Danny DeKeyser and loses puck.
4:28 of 1st period - Shot by Brandon Pirri.
4:28 of 1st period - Goal by Brandon Pirri - Rangers : 1 - Panthers : 0.
4:29 of 1st period - Joe Thornton wins face-off versus Cedric Paquette in neutral zone.
4:39 of 1st period - Shot by Matt Niskanen.
4:39 of 1st period - Stopped by Philipp Grubauer without a rebound.
4:40 of 1st period - Cedric Paquette wins face-off versus Patrick Kane in Panthers zone.
4:40 of 1st period - Matt Niskanen is hit by Jacob Trouba.
5:23 of 1st period - Shot by Patrick Kane.
5:23 of 1st period - Stopped by Brian Elliott without a rebound.
5:24 of 1st period - Joe Thornton wins face-off versus David Jones in Rangers zone.
5:53 of 1st period - Shot by Pavel Datsyuk.
5:53 of 1st period - Stopped by Brian Elliott with a rebound.
5:55 of 1st period - Shot by Pavel Datsyuk.
5:55 of 1st period - Stopped by Brian Elliott without a rebound.
5:56 of 1st period - Artem Anisimov wins face-off versus Phillip Danault in Rangers zone.
5:59 of 1st period - Shot by Alex Tanguay.
5:59 of 1st period - Stopped by Brian Elliott without a rebound.
6:00 of 1st period - Matt Duchene wins face-off versus Phillip Danault in Rangers zone.
6:00 of 1st period - Matt Duchene is hit by Nick Schultz.
7:22 of 1st period - Shot by Joe Thornton.
7:22 of 1st period - Stopped by Brian Elliott without a rebound.
7:23 of 1st period - Artem Anisimov wins face-off versus Nick Bonino in Rangers zone.
7:28 of 1st period - Shot by Alex Tanguay.
7:28 of 1st period - Stopped by Brian Elliott without a rebound.
7:29 of 1st period - Nick Bonino wins face-off versus Artem Anisimov in Rangers zone.
7:29 of 1st period - Oliver Ekman-Larsson is hit by Alex Tanguay and loses puck.
7:35 of 1st period - Michael Del Zotto is hit by Alex Tanguay and loses puck.
7:39 of 1st period - Michael Del Zotto is hit by Justin Braun.
7:51 of 1st period - Shot by Benoit Pouliot.
7:51 of 1st period - Stopped by Philipp Grubauer with a rebound.
8:12 of 1st period - Mikkel Boedker is hit by Oliver Ekman-Larsson.
8:28 of 1st period - Shot by Patrick Kane.
8:28 of 1st period - Stopped by Brian Elliott without a rebound.
8:29 of 1st period - Cedric Paquette wins face-off versus Joe Thornton in Rangers zone.
8:42 of 1st period - Icing by Cedric Paquette.
8:43 of 1st period - Matt Duchene wins face-off versus Cedric Paquette in Rangers zone.
8:43 of 1st period - Patrick Kane is hit by Matt Niskanen and loses puck.
10:06 of 1st period - Shot by Conor Sheary.
10:06 of 1st period - Shot Misses the Net.
10:08 of 1st period - Shot by Nick Schultz.
10:08 of 1st period - Deflect By Craig Smith.
10:08 of 1st period - Goal by Craig Smith - Rangers : 2 - Panthers : 0.
10:09 of 1st period - Benoit Pouliot wins face-off versus Artem Anisimov in neutral zone.
10:27 of 1st period - Icing by Alex Tanguay.
10:28 of 1st period - Artem Anisimov wins face-off versus Brandon Pirri in Panthers zone.
10:28 of 1st period - Artem Anisimov is hit by Landon Ferraro.
10:40 of 1st period - Shot by David Jones.
10:40 of 1st period - Shot Hit the Post.
11:27 of 1st period - Icing by Tyler Myers.
11:28 of 1st period - Artem Anisimov wins face-off versus Phillip Danault in Panthers zone.
11:28 of 1st period - Artem Anisimov is hit by Craig Smith.
11:50 of 1st period - Shot by Pavel Datsyuk.
11:50 of 1st period - Shot Blocked by Craig Smith.
12:50 of 1st period - Ondrej Palat is hit by Danny DeKeyser and loses puck.
13:10 of 1st period - Shot by Ondrej Palat.
13:10 of 1st period - Goal by Ondrej Palat - Rangers : 3 - Panthers : 0.
13:11 of 1st period - Pierre-Edouard Bellemare wins face-off versus Nick Bonino in neutral zone.
13:18 of 1st period - Shot by Jesper Fast.
13:18 of 1st period - Stopped by Brian Elliott without a rebound.
13:19 of 1st period - Pierre-Edouard Bellemare wins face-off versus Nick Bonino in Rangers zone.
13:22 of 1st period - Shot by Jesper Fast.
13:22 of 1st period - Shot Blocked by Justin Falk.
13:24 of 1st period - Shot by Reid Boucher.
13:24 of 1st period - Stopped by Brian Elliott without a rebound.
13:25 of 1st period - Mark Letestu wins face-off versus Pavel Datsyuk in Rangers zone.
13:32 of 1st period - Shot by Vladimir Tarasenko.
13:32 of 1st period - Shot Blocked by Alex Goligoski.
13:42 of 1st period - Shot by Joe Thornton.
13:42 of 1st period - Stopped by Brian Elliott without a rebound.
13:43 of 1st period - Patrick Kane wins face-off versus Nick Bonino in Rangers zone.
13:44 of 1st period - Shot by Nikolaj Ehlers.
13:44 of 1st period - Stopped by Brian Elliott with a rebound.
13:59 of 1st period - Off-side.
14:00 of 1st period - Joe Thornton wins face-off versus Cedric Paquette in neutral zone.
14:03 of 1st period - Shot by Vladimir Tarasenko.
14:03 of 1st period - Deflect By Pavel Datsyuk.
14:03 of 1st period - Stopped by Brian Elliott without a rebound.
14:04 of 1st period - Matt Duchene wins face-off versus Cedric Paquette in Rangers zone.
14:16 of 1st period - Icing by Oliver Ekman-Larsson.
14:17 of 1st period - Pavel Datsyuk wins face-off versus Cedric Paquette in Rangers zone.
14:17 of 1st period - Joe Thornton is hit by Michael Del Zotto and loses puck.
14:36 of 1st period - Joe Thornton is hit by Michael Del Zotto and loses puck.
14:50 of 1st period - Vladimir Tarasenko is hit by Ondrej Palat and loses puck.
14:52 of 1st period - Minor Penalty to Cedric Paquette for Elbowing.
14:53 of 1st period - Phillip Danault wins face-off versus Matt Duchene in Rangers zone.
15:05 of 1st period - Shot by Patrick Kane.
15:05 of 1st period - Stopped by Brian Elliott without a rebound.
15:06 of 1st period - Nick Bonino wins face-off versus Matt Duchene in Rangers zone.
15:06 of 1st period - Benoit Pouliot is hit by Nikolaj Ehlers and loses puck.
16:14 of 1st period - Shot by Vladimir Tarasenko.
16:14 of 1st period - Stopped by Brian Elliott without a rebound.
16:15 of 1st period - Joe Thornton wins face-off versus Phillip Danault in Rangers zone.
16:38 of 1st period - Shot by Pavel Datsyuk.
16:38 of 1st period - Stopped by Brian Elliott without a rebound.
16:39 of 1st period - Phillip Danault wins face-off versus Matt Duchene in Rangers zone.
16:52 of 1st period - Shot by Patrick Kane.
16:52 of 1st period - Stopped by Brian Elliott without a rebound.
16:53 of 1st period - Brandon Pirri wins face-off versus Artem Anisimov in Rangers zone.
16:53 of 1st period - Brandon Pirri is hit by Alex Tanguay.
17:03 of 1st period - Nick Schultz is hit by Trevor van Riemsdyk and loses puck.
17:06 of 1st period - Shot by Landon Ferraro.
17:06 of 1st period - Shot Blocked by Danny DeKeyser.
17:34 of 1st period - Shot by Brandon Pirri.
17:34 of 1st period - Deflect By David Jones.
17:34 of 1st period - Stopped by Philipp Grubauer without a rebound.
17:34 of 1st period - Minor Penalty to Danny DeKeyser for Cross-checking.
17:35 of 1st period - Pierre-Edouard Bellemare wins face-off versus Phillip Danault in Panthers zone.
17:35 of 1st period - Pierre-Edouard Bellemare is hit by Craig Smith.
17:46 of 1st period - Benoit Pouliot is hit by Jacob Trouba and loses puck.
18:12 of 1st period - Icing by Benoit Pouliot.
18:13 of 1st period - Phillip Danault wins face-off versus Pierre-Edouard Bellemare in Rangers zone.
18:13 of 1st period - Phillip Danault is hit by Jesper Fast.
18:19 of 1st period - T.J. Brodie is hit by Benoit Pouliot and loses puck.
18:44 of 1st period - Shot by Oliver Ekman-Larsson.
18:44 of 1st period - Shot Blocked by Patrick Kane.
18:46 of 1st period - Shot by Oliver Ekman-Larsson.
18:46 of 1st period - Shot Misses the Net.
18:48 of 1st period - Shot by Matt Niskanen.
18:48 of 1st period - Stopped by Philipp Grubauer without a rebound.
18:49 of 1st period - Cedric Paquette wins face-off versus Artem Anisimov in Panthers zone.
18:49 of 1st period - Cedric Paquette is hit by Tyler Myers.
18:58 of 1st period - Icing by Matt Niskanen.
18:59 of 1st period - Cedric Paquette wins face-off versus Pierre-Edouard Bellemare in Rangers zone.
Goals for this period are 3 for Rangers vs 0 for Panthers.
Shots for this period are 8 for Rangers vs 17 for Panthers.

2nd period


0:01 of 2nd period - Matt Duchene wins face-off versus Phillip Danault in neutral zone.
0:01 of 2nd period - Jacob Trouba is hit by Phillip Danault and loses puck.
0:16 of 2nd period - Jacob Trouba is hit by Phillip Danault and loses puck.
0:22 of 2nd period - Craig Smith is hit by Jacob Trouba and loses puck.
0:30 of 2nd period - Conor Sheary is hit by Jacob Trouba and loses puck.
0:37 of 2nd period - Shot by Craig Smith.
0:37 of 2nd period - Shot Blocked by Patrick Kane.
0:39 of 2nd period - Shot by Oliver Ekman-Larsson.
0:39 of 2nd period - Shot Misses the Net.
0:41 of 2nd period - Shot by Oliver Ekman-Larsson.
0:41 of 2nd period - Stopped by Philipp Grubauer without a rebound.
0:42 of 2nd period - Cedric Paquette wins face-off versus Joe Thornton in Panthers zone.
0:48 of 2nd period - Off-side.
0:49 of 2nd period - Joe Thornton wins face-off versus Cedric Paquette in neutral zone.
0:51 of 2nd period - Vladimir Tarasenko is hit by Cedric Paquette and loses puck.
1:17 of 2nd period - Pavel Datsyuk is hit by Matt Niskanen and loses puck.
1:29 of 2nd period - Joe Thornton is hit by Alex Goligoski and loses puck.
1:32 of 2nd period - Shot by Vladimir Tarasenko.
1:32 of 2nd period - Stopped by Brian Elliott without a rebound.
1:33 of 2nd period - Matt Duchene wins face-off versus Phillip Danault in Rangers zone.
1:34 of 2nd period - Shot by Patrick Kane.
1:34 of 2nd period - Deflect By Matt Duchene.
1:34 of 2nd period - Shot Misses the Net.
1:58 of 2nd period - Shot by Craig Smith.
1:58 of 2nd period - Stopped by Philipp Grubauer without a rebound.
1:59 of 2nd period - Alex Tanguay wins face-off versus Nick Bonino in Panthers zone.
2:03 of 2nd period - Off-side.
2:04 of 2nd period - Nick Bonino wins face-off versus Joe Thornton in neutral zone.
2:07 of 2nd period - Pavel Datsyuk is hit by Dale Weise and loses puck.
2:23 of 2nd period - Shot by Vladimir Tarasenko.
2:23 of 2nd period - Stopped by Brian Elliott with a rebound.
3:11 of 2nd period - Off-side.
3:12 of 2nd period - Phillip Danault wins face-off versus Artem Anisimov in neutral zone.
3:26 of 2nd period - Conor Sheary is hit by Danny DeKeyser and loses puck.
3:43 of 2nd period - Shot by Mikkel Boedker.
3:43 of 2nd period - Shot Misses the Net.
4:13 of 2nd period - Patrick Kane is hit by Cedric Paquette and loses puck.
4:44 of 2nd period - Icing by Jacob Trouba.
4:45 of 2nd period - Brandon Pirri wins face-off versus Matt Duchene in Panthers zone.
5:28 of 2nd period - Shot by Brandon Pirri.
5:28 of 2nd period - Shot Misses the Net.
6:04 of 2nd period - Pierre-Edouard Bellemare is hit by Craig Smith.
6:09 of 2nd period - Off-side.
6:10 of 2nd period - Cedric Paquette wins face-off versus Artem Anisimov in neutral zone.
6:21 of 2nd period - Shot by Alex Tanguay.
6:21 of 2nd period - Shot Misses the Net.
6:30 of 2nd period - Icing by Justin Falk.
6:31 of 2nd period - Cedric Paquette wins face-off versus Matt Duchene in Rangers zone.
6:31 of 2nd period - Cedric Paquette is hit by Matt Duchene.
7:40 of 2nd period - Tyler Myers is hit by Phillip Danault and loses puck.
7:47 of 2nd period - Shot by Pavel Datsyuk.
7:47 of 2nd period - Deflect By Joe Thornton.
7:47 of 2nd period - Stopped by Brian Elliott without a rebound.
7:48 of 2nd period - Nick Bonino wins face-off versus Artem Anisimov in Rangers zone.
8:48 of 2nd period - Shot by Vladimir Tarasenko.
8:48 of 2nd period - Shot Misses the Net.
8:58 of 2nd period - Jacob Trouba is hit by Dale Weise and loses puck.
9:14 of 2nd period - Joe Thornton is hit by Matt Niskanen and loses puck.
9:40 of 2nd period - Shot by Patrick Kane.
9:40 of 2nd period - Stopped by Brian Elliott with a rebound.
9:42 of 2nd period - Shot by Justin Braun.
9:42 of 2nd period - Stopped by Brian Elliott without a rebound.
9:43 of 2nd period - Phillip Danault wins face-off versus Pierre-Edouard Bellemare in Rangers zone.
9:50 of 2nd period - Shot by Craig Smith.
9:50 of 2nd period - Shot Blocked by Jesper Fast.
9:58 of 2nd period - Shot by Conor Sheary.
9:58 of 2nd period - Shot Blocked by Justin Braun.
10:09 of 2nd period - Minor Penalty to Justin Braun for Holding.
10:09 of 2nd period - Minor Penalty to Phillip Danault for Slashing.
10:10 of 2nd period - Mark Letestu wins face-off versus Joe Thornton in Panthers zone.
10:23 of 2nd period - Oliver Ekman-Larsson is hit by Joe Thornton.
10:47 of 2nd period - Shot by Mark Letestu.
10:47 of 2nd period - Stopped by Philipp Grubauer without a rebound.
10:48 of 2nd period - Artem Anisimov wins face-off versus Brandon Pirri in Panthers zone.
10:48 of 2nd period - Artem Anisimov is hit by Brandon Pirri.
11:02 of 2nd period - Shot by Patrick Kane.
11:02 of 2nd period - Deflect By Artem Anisimov.
11:02 of 2nd period - Stopped by Brian Elliott without a rebound.
11:03 of 2nd period - Mark Letestu wins face-off versus Joe Thornton in Rangers zone.
11:14 of 2nd period - Shot by Oliver Ekman-Larsson.
11:14 of 2nd period - Shot Misses the Net.
11:16 of 2nd period - Shot by Oliver Ekman-Larsson.
11:16 of 2nd period - Stopped by Philipp Grubauer without a rebound.
11:17 of 2nd period - Joe Thornton wins face-off versus Ondrej Palat in Panthers zone.
11:34 of 2nd period - Shot by Vladimir Tarasenko.
11:34 of 2nd period - Goal by Vladimir Tarasenko - Rangers : 3 - Panthers : 1.
11:35 of 2nd period - Mark Letestu wins face-off versus Joe Thornton in neutral zone.
11:48 of 2nd period - Matt Niskanen is hit by Joe Thornton and loses puck.
12:10 of 2nd period - Shot by Joe Thornton.
12:10 of 2nd period - Deflect By Matt Duchene.
12:10 of 2nd period - Goal by Matt Duchene - Rangers : 3 - Panthers : 2.
12:11 of 2nd period - Matt Duchene wins face-off versus Phillip Danault in neutral zone.
12:18 of 2nd period - Shot by Patrick Kane.
12:18 of 2nd period - Stopped by Brian Elliott without a rebound.
12:19 of 2nd period - Craig Smith wins face-off versus Matt Duchene in Rangers zone.
12:30 of 2nd period - Shot by Phillip Danault.
12:30 of 2nd period - Shot Misses the Net.
12:32 of 2nd period - Shot by Craig Smith.
12:32 of 2nd period - Deflect By Conor Sheary.
12:32 of 2nd period - Shot Misses the Net.
12:34 of 2nd period - Shot by Justin Falk.
12:34 of 2nd period - Stopped by Philipp Grubauer with a rebound.
12:36 of 2nd period - Shot by Nick Schultz.
12:36 of 2nd period - Shot Hit the Post.
15:39 of 2nd period - Icing by Pavel Datsyuk.
15:40 of 2nd period - Phillip Danault wins face-off versus Joe Thornton in Panthers zone.
15:57 of 2nd period - Shot by Conor Sheary.
15:57 of 2nd period - Stopped by Philipp Grubauer without a rebound.
15:58 of 2nd period - Artem Anisimov wins face-off versus Cedric Paquette in Panthers zone.
16:28 of 2nd period - Icing by Matt Niskanen.
16:29 of 2nd period - Pierre-Edouard Bellemare wins face-off versus Cedric Paquette in Rangers zone.
17:17 of 2nd period - Shot by Patrick Kane.
17:17 of 2nd period - Goal by Patrick Kane - Rangers : 3 - Panthers : 3.
17:18 of 2nd period - Nick Bonino wins face-off versus Matt Duchene in neutral zone.
17:45 of 2nd period - Shot by Benoit Pouliot.
17:45 of 2nd period - Stopped by Philipp Grubauer without a rebound.
17:46 of 2nd period - Artem Anisimov wins face-off versus Phillip Danault in Panthers zone.
17:46 of 2nd period - Alex Tanguay is hit by Phillip Danault and loses puck.
18:35 of 2nd period - Icing by Artem Anisimov.
18:36 of 2nd period - Cedric Paquette wins face-off versus Artem Anisimov in Panthers zone.
18:39 of 2nd period - Shot by Ondrej Palat.
18:39 of 2nd period - Stopped by Philipp Grubauer without a rebound.
18:40 of 2nd period - Cedric Paquette wins face-off versus Matt Duchene in Panthers zone.
18:40 of 2nd period - Alex Goligoski is hit by Jacob Trouba and loses puck.
18:53 of 2nd period - Shot by Matt Duchene.
18:53 of 2nd period - Shot Blocked by Matt Niskanen.
19:03 of 2nd period - Shot by Nikolaj Ehlers.
19:03 of 2nd period - Shot Misses the Net.
19:32 of 2nd period - Icing by Matt Niskanen.
19:33 of 2nd period - Joe Thornton wins face-off versus Cedric Paquette in Rangers zone.
Goals for this period are 0 for Rangers vs 3 for Panthers.
Shots for this period are 8 for Rangers vs 10 for Panthers.

3rd period


0:01 of 3rd period - Phillip Danault wins face-off versus Matt Duchene in neutral zone.
0:14 of 3rd period - Shot by Phillip Danault.
0:14 of 3rd period - Shot Blocked by T.J. Brodie.
0:16 of 3rd period - Shot by Michael Del Zotto.
0:16 of 3rd period - Stopped by Philipp Grubauer without a rebound.
0:17 of 3rd period - Joe Thornton wins face-off versus Cedric Paquette in Panthers zone.
0:25 of 3rd period - Nick Schultz is hit by Pavel Datsyuk and loses puck.
0:31 of 3rd period - Minor Penalty to Justin Falk for Holding Stick.
0:32 of 3rd period - Phillip Danault wins face-off versus Matt Duchene in Rangers zone.
0:32 of 3rd period - Phillip Danault is hit by Patrick Kane.
0:58 of 3rd period - Shot by Patrick Kane.
0:58 of 3rd period - Shot Blocked by Mark Letestu.
0:58 of 3rd period - Mark Letestu from Rangers is injured at 0:58 of 3rd period (Bruised Right Leg).
0:59 of 3rd period - Phillip Danault wins face-off versus Joe Thornton in Rangers zone.
1:13 of 3rd period - Icing by Vladimir Tarasenko.
1:14 of 3rd period - Ondrej Palat wins face-off versus Joe Thornton in Panthers zone.
2:40 of 3rd period - Shot by Brandon Pirri.
2:40 of 3rd period - Stopped by Philipp Grubauer without a rebound.
2:41 of 3rd period - Cedric Paquette wins face-off versus Pierre-Edouard Bellemare in Panthers zone.
2:42 of 3rd period - Shot by Ondrej Palat.
2:42 of 3rd period - Shot Misses the Net.
2:57 of 3rd period - Shot by Ondrej Palat.
2:57 of 3rd period - Stopped by Philipp Grubauer without a rebound.
2:58 of 3rd period - Brandon Pirri wins face-off versus Matt Duchene in Panthers zone.
3:21 of 3rd period - Shot by Landon Ferraro.
3:21 of 3rd period - Shot Misses the Net.
3:23 of 3rd period - Shot by Oliver Ekman-Larsson.
3:23 of 3rd period - Stopped by Philipp Grubauer without a rebound.
3:24 of 3rd period - Joe Thornton wins face-off versus Phillip Danault in Panthers zone.
3:31 of 3rd period - Shot by Vladimir Tarasenko.
3:31 of 3rd period - Deflect By Joe Thornton.
3:31 of 3rd period - Shot Blocked by Alex Goligoski.
3:37 of 3rd period - Shot by Pavel Datsyuk.
3:37 of 3rd period - Stopped by Brian Elliott with a rebound.
3:39 of 3rd period - Shot by Pavel Datsyuk.
3:39 of 3rd period - Stopped by Brian Elliott without a rebound.
3:40 of 3rd period - Matt Duchene wins face-off versus Cedric Paquette in Rangers zone.
4:04 of 3rd period - Patrick Kane is hit by Michael Del Zotto and loses puck.
4:38 of 3rd period - Shot by Phillip Danault.
4:38 of 3rd period - Shot Blocked by Jacob Trouba.
4:49 of 3rd period - Icing by T.J. Brodie.
4:50 of 3rd period - Matt Duchene wins face-off versus Brandon Pirri in Panthers zone.
4:50 of 3rd period - Matt Duchene is hit by Brandon Pirri.
5:17 of 3rd period - Icing by Justin Falk.
5:18 of 3rd period - Joe Thornton wins face-off versus Brandon Pirri in Rangers zone.
5:21 of 3rd period - Shot by Vladimir Tarasenko.
5:21 of 3rd period - Stopped by Brian Elliott without a rebound.
5:22 of 3rd period - Phillip Danault wins face-off versus Joe Thornton in Rangers zone.
5:32 of 3rd period - Shot by Phillip Danault.
5:32 of 3rd period - Shot Misses the Net.
5:57 of 3rd period - Oliver Ekman-Larsson is hit by Tyler Myers and loses puck.
6:15 of 3rd period - Off-side.
6:16 of 3rd period - Cedric Paquette wins face-off versus Mikkel Boedker in neutral zone.
6:27 of 3rd period - Shot by Ondrej Palat.
6:27 of 3rd period - Deflect By Cedric Paquette.
6:27 of 3rd period - Goal by Cedric Paquette - Rangers : 4 - Panthers : 3.
6:28 of 3rd period - Pierre-Edouard Bellemare wins face-off versus Brandon Pirri in neutral zone.
6:32 of 3rd period - T.J. Brodie is hit by Justin Falk and loses puck.
7:36 of 3rd period - Matt Duchene is hit by Matt Niskanen and loses puck.
8:09 of 3rd period - Minor Penalty to Matt Duchene for Interference.
8:10 of 3rd period - Phillip Danault wins face-off versus Jesper Fast in Panthers zone.
8:13 of 3rd period - Shot by Craig Smith.
8:13 of 3rd period - Shot Misses the Net.
8:15 of 3rd period - Shot by Phillip Danault.
8:15 of 3rd period - Shot Misses the Net.
8:17 of 3rd period - Shot by Oliver Ekman-Larsson.
8:17 of 3rd period - Stopped by Philipp Grubauer with a rebound.
8:19 of 3rd period - Shot by Phillip Danault.
8:19 of 3rd period - Shot Misses the Net.
8:21 of 3rd period - Shot by Matt Niskanen.
8:21 of 3rd period - Goal by Matt Niskanen - Rangers : 5 - Panthers : 3.
8:21 of 3rd period - Marc-Andre Fleury enters game.
8:22 of 3rd period - Joe Thornton wins face-off versus Brandon Pirri in neutral zone.
8:35 of 3rd period - Shot by Vladimir Tarasenko.
8:35 of 3rd period - Shot Blocked by Landon Ferraro.
8:38 of 3rd period - Icing by Michael Del Zotto.
8:39 of 3rd period - Artem Anisimov wins face-off versus Brandon Pirri in Rangers zone.
9:43 of 3rd period - Icing by Oliver Ekman-Larsson.
9:44 of 3rd period - Joe Thornton wins face-off versus Brandon Pirri in Rangers zone.
9:50 of 3rd period - Oliver Ekman-Larsson is hit by Danny DeKeyser and loses puck.
10:02 of 3rd period - Joe Thornton is hit by Alex Goligoski and loses puck.
10:14 of 3rd period - Joe Thornton is hit by Alex Goligoski and loses puck.
10:26 of 3rd period - Joe Thornton is hit by Alex Goligoski and loses puck.
10:59 of 3rd period - Justin Braun is hit by Cedric Paquette and loses puck.
11:10 of 3rd period - Shot by Ondrej Palat.
11:10 of 3rd period - Shot Blocked by Nikolaj Ehlers.
11:12 of 3rd period - Shot by Justin Falk.
11:12 of 3rd period - Shot Blocked by Tyler Myers.
11:26 of 3rd period - Shot by Ondrej Palat.
11:26 of 3rd period - Stopped by Marc-Andre Fleury with a rebound.
11:28 of 3rd period - Shot by Nick Schultz.
11:28 of 3rd period - Stopped by Marc-Andre Fleury without a rebound.
11:29 of 3rd period - Nick Bonino wins face-off versus Artem Anisimov in Panthers zone.
11:40 of 3rd period - Shot by Artem Anisimov.
11:40 of 3rd period - Shot Misses the Net.
11:42 of 3rd period - Shot by Artem Anisimov.
11:42 of 3rd period - Shot Misses the Net.
12:06 of 3rd period - Shot by Mikkel Boedker.
12:06 of 3rd period - Stopped by Brian Elliott with a rebound.
12:14 of 3rd period - Shot by Alex Tanguay.
12:14 of 3rd period - Stopped by Brian Elliott without a rebound.
12:15 of 3rd period - Vladimir Tarasenko wins face-off versus Phillip Danault in Rangers zone.
12:16 of 3rd period - Shot by Joe Thornton.
12:16 of 3rd period - Shot Misses the Net.
12:36 of 3rd period - Shot by Craig Smith.
12:36 of 3rd period - Goal by Craig Smith - Rangers : 6 - Panthers : 3.
12:37 of 3rd period - Cedric Paquette wins face-off versus Matt Duchene in neutral zone.
12:48 of 3rd period - Shot by Patrick Kane.
12:48 of 3rd period - Stopped by Brian Elliott with a rebound.
13:05 of 3rd period - Shot by Nikolaj Ehlers.
13:05 of 3rd period - Deflect By Matt Duchene.
13:05 of 3rd period - Stopped by Brian Elliott without a rebound.
13:06 of 3rd period - Joe Thornton wins face-off versus Brandon Pirri in Rangers zone.
14:13 of 3rd period - Shot by Ondrej Palat.
14:13 of 3rd period - Shot Misses the Net.
14:31 of 3rd period - Shot by Ondrej Palat.
14:31 of 3rd period - Shot Misses the Net.
14:33 of 3rd period - Shot by Matt Niskanen.
14:33 of 3rd period - Stopped by Marc-Andre Fleury without a rebound.
14:34 of 3rd period - Patrick Kane wins face-off versus Phillip Danault in Panthers zone.
14:48 of 3rd period - Off-side.
14:49 of 3rd period - Artem Anisimov wins face-off versus Phillip Danault in neutral zone.
15:24 of 3rd period - Shot by Mikkel Boedker.
15:24 of 3rd period - Shot Misses the Net.
15:47 of 3rd period - Minor Penalty to Cedric Paquette for Hooking.
15:48 of 3rd period - Nick Bonino wins face-off versus Matt Duchene in Rangers zone.
15:56 of 3rd period - Shot by Patrick Kane.
15:56 of 3rd period - Shot Blocked by Oliver Ekman-Larsson.
16:00 of 3rd period - Shot by Tyler Myers.
16:00 of 3rd period - Stopped by Brian Elliott with a rebound.
16:02 of 3rd period - Shot by Patrick Kane.
16:02 of 3rd period - Shot Misses the Net.
16:04 of 3rd period - Shot by Tyler Myers.
16:04 of 3rd period - Shot Blocked by Alex Goligoski.
17:14 of 3rd period - Icing by T.J. Brodie.
17:15 of 3rd period - Phillip Danault wins face-off versus Joe Thornton in Panthers zone.
17:23 of 3rd period - Off-side.
17:24 of 3rd period - Matt Duchene wins face-off versus Phillip Danault in neutral zone.
17:31 of 3rd period - Shot by Patrick Kane.
17:31 of 3rd period - Stopped by Brian Elliott without a rebound.
17:32 of 3rd period - Phillip Danault wins face-off versus Matt Duchene in Rangers zone.
17:32 of 3rd period - Phillip Danault is hit by Matt Duchene.
17:39 of 3rd period - Icing by Tyler Myers.
17:40 of 3rd period - Matt Duchene wins face-off versus Nick Bonino in Panthers zone.
17:57 of 3rd period - Shot by T.J. Brodie.
17:57 of 3rd period - Stopped by Brian Elliott without a rebound.
17:58 of 3rd period - Cedric Paquette wins face-off versus Matt Duchene in Rangers zone.
17:58 of 3rd period - Ondrej Palat is hit by Nikolaj Ehlers.
18:17 of 3rd period - Shot by Matt Duchene.
18:17 of 3rd period - Stopped by Brian Elliott without a rebound.
18:18 of 3rd period - Joe Thornton wins face-off versus Phillip Danault in Rangers zone.
18:50 of 3rd period - Shot by Vladimir Tarasenko.
18:50 of 3rd period - Stopped by Brian Elliott with a rebound.
19:02 of 3rd period - Icing by Michael Del Zotto.
19:03 of 3rd period - Craig Smith wins face-off versus Matt Duchene in Rangers zone.
19:03 of 3rd period - Craig Smith is hit by Patrick Kane.
19:17 of 3rd period - Shot by Nikolaj Ehlers.
19:17 of 3rd period - Shot Misses the Net.
19:33 of 3rd period - Shot by Matt Duchene.
19:33 of 3rd period - Stopped by Brian Elliott without a rebound.
19:34 of 3rd period - Cedric Paquette wins face-off versus Artem Anisimov in Rangers zone.
19:34 of 3rd period - Cedric Paquette is hit by Alex Tanguay.
Goals for this period are 3 for Rangers vs 0 for Panthers.
Shots for this period are 11 for Rangers vs 13 for Panthers.